 Dungeon Crawl Stone Soup version 0.29.1-15-g9cfb28693d (webtiles) character file.

Game seed: 16669998730478130319

1 protoss039 the Digger (level 1, 0/13 HPs)
             Began as a Demonspawn Earth Elementalist on Mar 29, 2023.
             Slain by a rat (2 damage)
             ... on level 1 of the Dungeon.
             The game lasted 00:00:08 (46 turns).

protoss039 the Digger (Demonspawn Earth Elementalist) Turns: 46, Time: 00:00:09

Health: 0/13       AC:  2    Str:  8    XL:     1   Next: 16%
Magic:  0/3        EV: 12    Int: 16    God:
Gold:   12         SH:  0    Dex: 13    Spells: 3/4 levels left

rFire   . . .      SeeInvis .   d - +0 dagger
rCold   . . .      Faith    .   (no shield)
rNeg    . . .      Spirit   .   a - +0 robe
rPois   .          Reflect  .   (no helmet)
rElec   .          Harm     .   (no cloak)
rCorr   .          Rampage  .   (no gloves)
Will    .....                   (no boots)
Stlth   ++........              (no amulet)
HPRegen 0.04/turn               (no ring)
MPRegen 0.08/turn               (no ring)

@: no status effects
A: no striking features
a: no special abilities


You were on level 1 of the Dungeon.
You visited 1 branch of the dungeon, and saw 1 of its levels.

You collected 12 gold pieces.

Inventory:

Hand Weapons
 d - a +0 dagger (weapon)
Armour
 a - a +0 robe (worn)
Scrolls
 c - a scroll of identify {unknown}
Potions
 b - a potion of magic


   Skills:
 + Level 0.1 Fighting
 - Level 1.7 Dodging
 - Level 1.7 Stealth
 + Level 2.0 Spellcasting
 - Level 0.8 Transmutations
 + Level 2.7 Earth Magic


You had 3 spell levels left.
You knew the following spells:

 Your Spells              Type           Power      Damage    Failure   Level
a - Sandblast             Erth           20%        2d7       7%          1

Your spell library contained the following spells:

 Spells                   Type           Power      Damage    Failure   Level
 Passwall                 Tmut/Erth      5%         N/A       16%         2
 Stone Arrow              Conj/Erth      10%        3d7       34%         3
 Petrify                  Tmut/Erth      7%         N/A       69%         4


Dungeon Overview and Level Annotations

Branches:
Dungeon (1/15) Zot: 5952

Altars:


Message History

Press: ? - help, Shift-Dir - straight line, f - goblin
Aim: a goblin, wielding a +0 dagger (77% to hit)
You miscast Sandblast.
You are very lightly contaminated with residual magic.
Nothing appears to happen.
Unknown command.
Casting: Sandblast (safe; 7% risk of failure)
Confirm with . or Enter, or press ? or * to list all spells.
Aiming: Sandblast (safe; 7% risk of failure)
Press: ? - help, Shift-Dir - straight line, f/p - goblin
Aim: a goblin, wielding a +0 dagger (77% to hit)
The blast of sand hits the goblin!
You kill the goblin!
Unknown command.
Casting: Sandblast (safe; 7% risk of failure)
Confirm with . or Enter, or press ? or * to list all spells.
Aiming: Sandblast (safe; 7% risk of failure)
Press: ? - help, Shift-Dir - straight line, f - hobgoblin
Aim: a hobgoblin (82% to hit)
The blast of sand hits the hobgoblin.
The hobgoblin is moderately wounded.
The rat bites you. The hobgoblin misses you.
Unknown command.
Casting: Sandblast (safe; 7% risk of failure)
Confirm with . or Enter, or press ? or * to list all spells.
You don't have enough magic to cast this spell.
Unknown command.
The rat bites you. The hobgoblin attacks as you move away!
The hobgoblin hits you.
Things that are here:
a +0 dagger; a goblin corpse
d - a +0 dagger The rat bites you.
The hobgoblin hits you but does no damage.
Your magical contamination has completely faded away.
d - a +0 dagger (weapon)
The hobgoblin hits you.
* * * LOW HITPOINT WARNING * * *
The rat bites you.
You die...

.......##.#..
............. .#
.......##.#.########.#
.......##.#.##.......#
.......##.#.##.......#
.......##.#.##.......#
.......##.#.#........#
.......##.#.#........#
............#..r@....#
.#......#.###..g####.#
(#........# #...#
#......##.###...#
................#
........#.#####.#
........#.# #.#
........#.# #.$
....... #.# ...#


You could see a hobgoblin and a rat.

Vanquished Creatures
  A frilled lizard (D:1)
  A goblin (D:1)
2 creatures vanquished.

Notes
Turn   | Place    | Note
-------+----------+-------------------------------------------
     0 | D:1      | protoss039 the Demonspawn Earth Elementalist began the
                  | quest for the Orb.
     0 | D:1      | Reached XP level 1. HP: 13/13 MP: 3/3
    46 | D:1      | Slain by a rat

Illustrated notes

Levels and vault maps discovered:
D:1:      dpeg_arrival_solitude, layout_basic, minmay_misc_feat_columns

Action                   || total
-------------------------++-------
 Cast: Sandblast         ||     3
Armor: Robe              ||     1
Dodge: Dodged            ||     1
